 Dungeon Crawl Stone Soup version 0.22.0-60-ga52c2fc (webtiles) character file.

15688 Anon1729 the Cleaver (level 12, -3/112 HPs)
             Began as a Naga Gladiator on Sept 10, 2018.
             Was a Follower of Uskayaw.
             Slain by a two-headed ogre
             ... wielding a +0 giant club
              (8 damage)
             ... on level 10 of the Dungeon.
             The game lasted 00:38:06 (16317 turns).

Anon1729 the Cleaver (Naga Gladiator)              Turns: 16317, Time: 00:38:07

Health: -3/112     AC: 19    Str: 19    XL:     12   Next: 29%
Magic:  10/20      EV:  5    Int: 12    God:    Uskayaw [*.....]
Gold:   726        SH:  0    Dex: 16    Spells: 11/11 levels left

rFire    . . .     SeeInvis +   a - +0 war axe
rCold    + . .     Gourm    .   (no shield)
rNeg     + . .     Faith    .   h - +0 chain mail {rC+}
rPois    +         Spirit   .   c - +0 helmet
rElec    .         Reflect  .   (no cloak)
rCorr    .         Harm     .   (no gloves)
MR       +....                  Q - +0 naga barding
Stlth    ..........             (no amulet)
HPRegen  0.28/turn              E - +2 ring of protection (curse)
MPRegen  0.17/turn              L - ring of Tuamegro {rPois rN+ Str+2 Dex+2}

@: very slow
A: large, see invisible, deformed body, poison resistance, slowness 2, slow
metabolism 1, spit poison 1, AC +4
a: Spit Poison, Stomp, Renounce Religion


You were on level 10 of the Dungeon.
You worshipped Uskayaw.
Uskayaw was aware of your devotion.
You were not hungry.

You visited 2 branches of the dungeon, and saw 13 of its levels.
You also visited: Sewer and Ossuary.

You collected 726 gold pieces.

Inventory:

Hand Weapons
 a - a +0 war axe (weapon)
 V - a +0 blowgun
 W - a +2 dagger of distortion
Missiles
 d - 3 throwing nets (quivered)
 O - 3 silver tomahawks
 X - 8 curare-tipped needles
Armour
 b - a +0 leather armour
 c - a +0 helmet (worn)
 h - a +0 chain mail of cold resistance (worn)
 s - a +1 ring mail of cold resistance
 Q - a +0 naga barding (worn)
Jewellery
 A - an uncursed ring of protection from cold
 B - the ring "Atac" {rC+ Dex+2}
   (You found it on level 5 of the Dungeon)

   [ring of dexterity]

   It affects your dexterity (+2).
   It protects you from cold.
 E - a cursed +2 ring of protection (left hand)
 L - the ring of Tuamegro (right hand) {rPois rN+ Str+2 Dex+2}
   (You found it on level 8 of the Dungeon)

   [ring of dexterity]

   It affects your strength (+2).
   It affects your dexterity (+2).
   It protects you from poison.
   It protects you from negative energy.
Wands
 u - a wand of clouds (3)
 y - a wand of iceblast (4)
 C - a wand of paralysis (20)
 H - a wand of digging (12)
 N - a wand of polymorph (10)
Scrolls
 e - 4 scrolls of magic mapping {unknown}
 g - 15 scrolls of identify
 i - 5 scrolls of teleportation
 m - 9 scrolls of remove curse
 n - 4 scrolls of enchant weapon {unknown}
 t - 5 scrolls of enchant armour {unknown}
 w - 2 scrolls of blinking {unknown}
 x - 3 scrolls of fog {unknown}
 F - 2 scrolls of amnesia {unknown}
 M - 2 scrolls of acquirement {unknown}
 P - a scroll of random uselessness {unknown}
 R - a scroll of brand weapon {unknown}
 S - a scroll of noise {unknown}
 T - a scroll of silence {unknown}
Potions
 j - 3 potions of magic {unknown}
 k - a potion of lignification {unknown}
 l - 8 potions of heal wounds
 o - 3 potions of might {unknown}
 p - 3 potions of degeneration {unknown}
 q - 5 potions of brilliance {unknown}
 r - 5 potions of curing
 v - 2 potions of haste {unknown}
 z - 4 potions of ambrosia {unknown}
 D - a potion of resistance
 G - a potion of agility {unknown}
 I - a potion of flight {unknown}
 J - a potion of invisibility {unknown}
 K - a potion of mutation {unknown}
 U - a potion of berserk rage
 Y - 2 potions of cancellation {unknown}
Comestibles
 f - 15 rations


   Skills:
 + Level 8.7 Fighting
 * Level 12.1 Axes
 - Level 2.0 Throwing
 + Level 7.0 Armour
 - Level 3.0 Dodging
 * Level 10.9 Invocations


You had 11 spell levels left.
You didn't know any spells.
Your spell library contained the following spells:

 Spells                   Type           Power        Failure   Level  Hunger
 Corona                   Hex            #......      97%         1    ##.....
 Magic Dart               Conj           #...         97%         1    ##.....
 Summon Small Mammal      Summ           #...         97%         1    ##.....
 Call Imp                 Summ           #.......     99%         2    ###....
 Ensorcelled Hibernation  Hex/Ice        #.....       99%         2    ###....
 Searing Ray              Conj           #.....       99%         2    ###....
 Call Canine Familiar     Summ           #.......     100%        3    ####...
 Confuse                  Hex            #.......     100%        3    ####...
 Dazzling Spray           Conj/Hex       #.....       100%        3    ####...
 Summon Guardian Golem    Hex/Summ       #.......     100%        3    ####...
 Tukima's Dance           Hex            #.......     100%        3    ####...
 Force Lance              Conj/Tloc      #.......     100%        4    #####..
 Fulminant Prism          Conj/Hex       #.........   100%        4    #####..
 Iskenderun's Mystic Bla  Conj           #.......     100%        4    #####..
 Summon Ice Beast         Ice/Summ       #.......     100%        4    #####..
 Summon Lightning Spire   Summ/Air       #.......     100%        4    #####..


Dungeon Overview and Level Annotations

Branches:
Dungeon (12/15)            Temple (1/1) D:4            Lair (0/6) D:9
    Orc: D:9-12

Altars:
Ashenzari
Cheibriados
Dithmenos
Elyvilon
Fedhas
Gozag
Hepliaklqana
Kikubaaqudgha
Makhleb
Nemelex Xobeh
Okawaru
Qazlal
Ru
Sif Muna
Trog
Uskayaw
Vehumet
Wu Jian
Xom
Yredelemnul
Zin
The Shining One

Annotations:
D:6 2 transporters


Innate Abilities, Weirdness & Mutations

You cannot wear boots.
Your serpentine skin is tough. (AC +4)
You have supernaturally acute eyesight. (SInv)
Armour fits poorly on your strangely shaped body.
Your system is resistant to poisons. (rPois)
You cover ground very slowly.
You have a slow metabolism.
You can spit poison.


Message History

The two-headed ogre hits you but does no damage.
Things that are here:
a giant club; an ogre corpse Unknown command.
Unknown command.
The two-headed ogre hits you with a giant club!
* * * LOW HITPOINT WARNING * * *
The two-headed ogre hits you with a giant spiked club.
* * * LOW HITPOINT WARNING * * *
Unknown command.
You feel much better.
Evoke which item? (* to show all) (? for menu, Esc to quit)
Aiming: Paralyse
Press: ? - help, Shift-Dir - straight line, f - two-headed ogre
Aim: a two-headed ogre, wielding a giant club and a giant spiked club (lightly The two-headed ogre easily resists.
The two-headed ogre hits you with a giant club!!
* * * LOW HITPOINT WARNING * * *
The two-headed ogre hits you with a giant spiked club!
You die...

#.##.####≈##.#..##..####...
##..## .##)#..##..)......
###.# ##. #.#..###.####...
#.##.###.#......# #...
#.#..##.##.##..# #...
##>...#.....#..# #...
##≈...)#........# #...
#≈≈..O##.#.#.##.####...
#OO≈#.##@#.#.............
########.....##.#..######
###.#.####.#.(...#
###...#.####(W.###.###
#..........##D.# #.#..
#..........##..# #.#.#
#..........##..###.#..
#..........##.>.......
################......


You could see a two-headed ogre.

Vanquished Creatures
  Erica (D:11)
  3 two-headed ogres (D:10)
  Sonja (D:10)
  Nergalle (D:10)
  Pikel (D:6)
  A swamp dragon (D:10)
  A manticore (D:10)
  An ugly thing (D:10)
  Joseph (D:10)
  A gargoyle (D:12)
  A troll (D:11)
  A hornet (D:9)
  2 hippogriffs
  5 wraiths
  3 wyverns
  15 yaks (D:11)
  Edmund (D:4)
  An acid dragon (D:9)
  2 ice beasts (D:7)
  2 sky beasts
  3 phantoms (D:5)
  A black bear (D:11)
  16 ogres
  6 centaurs
  3 crocodiles
  3 big kobolds
  Blork the orc (D:6)
  8 bullfrogs
  A wyvern zombie (D:11)
  A water moccasin zombie (D:8)
  A scorpion (D:4)
  10 killer bees
  4 wights (D:8)
  4 crimson imps
  3 howler monkeys
  A bullfrog zombie (D:7)
  A centaur zombie (D:11)
  2 jellies
  A centaur skeleton (D:10)
  An orc priest (D:9)
  5 hounds
  6 orc wizards
  2 iguanas
  Ijyb (D:5)
  Terence (D:2)
  7 worker ants
  2 killer bee zombies
  2 mummies
  A worker ant zombie (D:8)
  20 adders
  7 river rats
  A shadow imp (D:9)
  4 oozes
  An adder skeleton (D:7)
  An adder zombie (D:5)
  2 worms (D:2)
  4 dart slugs
  7 leopard geckos
  23 orcs
  12 ball pythons
  7 bats
  6 giant cockroaches
  2 goblins (D:1)
  6 hobgoblins
  12 jackals
  15 kobolds
  3 quokkas
  3 frilled lizards
  8 gnoll skeletons (Ossuary)
  A hobgoblin zombie (D:7)
  7 kobold skeletons (Ossuary)
  A leopard gecko skeleton (D:5)
  A leopard gecko zombie (D:8)
  10 orc skeletons (Ossuary)
  An orc zombie (D:7)
  27 rats
335 creatures vanquished.

Vanquished Creatures (collateral kills)
  A kobold (D:8)
  A leopard gecko zombie (D:8)
2 creatures vanquished.

Vanquished Creatures (others)
  A slave (D:6)
  A scorpion (D:6)
  A wight (D:8)
  An adder (D:6)
  An orc (D:6)
5 creatures vanquished.

Grand Total: 342 creatures vanquished

Notes
Turn   | Place    | Note
-------+----------+-------------------------------------------
     0 | D:1      | Anon1729 the Naga Gladiator began the quest for the Orb.
     0 | D:1      | Reached XP level 1. HP: 19/19 MP: 1/1
    71 | D:1      | Reached XP level 2. HP: 17/26 MP: 2/2
   316 | D:1      | Reached XP level 3. HP: 26/32 MP: 3/3
  1225 | D:2      | Reached skill level 1 in Armour
  1232 | D:2      | Reached XP level 4. HP: 39/40 MP: 4/4
  1489 | D:2      | Noticed Terence
  1499 | D:2      | Killed Terence
  1499 | D:2      | Reached skill level 4 in Axes
  1781 | D:3      | Reached XP level 5. HP: 35/48 MP: 5/5
  2123 | D:3      | Found a glowing drain.
  2183 | Sewer    | Entered a sewer
  2672 | Sewer    | Reached XP level 6. HP: 42/56 MP: 6/6
  2869 | Sewer    | Reached skill level 5 in Axes
  3193 | Sewer    | Reached XP level 7. HP: 15/63 MP: 7/7
  3841 | D:4      | Noticed Edmund
  3871 | D:4      | Killed Edmund
  3871 | D:4      | Reached skill level 6 in Axes
  4574 | D:4      | Found a staircase to the Ecumenical Temple.
  4583 | Temple   | Entered the Ecumenical Temple
  4695 | Temple   | Became a worshipper of Uskayaw the Reveler
  4800 | D:4      | Reached * piety under Uskayaw
  5220 | D:5      | Entered Level 5 of the Dungeon
  5236 | D:4      | Reached ** piety under Uskayaw
  5239 | D:4      | Reached XP level 8. HP: 39/73 MP: 5/8
  5241 | D:4      | Reached *** piety under Uskayaw
  5661 | D:5      | Got a sparkling iron ring
  5676 | D:5      | Noticed Ijyb
  5676 | D:5      | Paralysed by Ijyb for 5 turns
  5693 | D:5      | Killed Ijyb
  5693 | D:5      | Reached skill level 7 in Axes
  5741 | D:5      | Reached skill level 1 in Invocations
  5805 | D:5      | Reached skill level 5 in Fighting
  6333 | D:5      | Found a sacrificial altar of Ru.
  6675 | D:6      | Noticed Blork the orc
  6681 | D:6      | Killed Blork the orc
  6691 | D:6      | Found a transporter.
  6715 | D:6      | Noticed Pikel
  6725 | D:6      | Identified the ring "Atac" {rC+ Dex+2} (You found it on
                  | level 5 of the Dungeon)
  6743 | D:6      | Killed Pikel
  6743 | D:6      | Reached skill level 8 in Axes
  6743 | D:6      | Reached XP level 9. HP: 45/81 MP: 8/12
  7129 | D:6      | Found a transporter.
  7793 | D:7      | Reached skill level 5 in Invocations
  7907 | D:7      | Found a sand-covered staircase.
  7976 | Ossuary  | Entered an ossuary
  8528 | D:7      | Reached skill level 9 in Axes
  8694 | D:7      | Reached **** piety under Uskayaw
  8705 | D:7      | Reached XP level 10. HP: 68/92 MP: 10/14
  9311 | D:7      | Reached skill level 5 in Armour
 10009 | D:8      | Got a smoking iron ring
 10011 | D:8      | Identified the ring of Tuamegro {rPois rN+ Str+2 Dex+2}
                  | (You found it on level 8 of the Dungeon)
 10114 | D:8      | Noticed a two-headed ogre
 11008 | D:9      | Found a sparkling altar of Nemelex Xobeh.
 11321 | D:9      | Reached skill level 10 in Axes
 11751 | D:9      | Found a staircase to the Lair.
 12858 | D:10     | Entered Level 10 of the Dungeon
 12858 | D:10     | Noticed Nergalle
 12870 | D:10     | Killed Nergalle
 13203 | D:10     | Noticed a manticore
 13213 | D:10     | Killed a manticore
 13213 | D:10     | Reached XP level 11. HP: 66/100 MP: 17/17
 13452 | D:10     | Noticed Josephine
 13456 | D:10     | Noticed Josephine
 13456 | D:10     | Josephine changed into Josephine the swamp dragon
 13507 | D:11     | Reached ***** piety under Uskayaw
 13902 | D:11     | Noticed Erica
 13917 | D:11     | Killed Erica
 13917 | D:11     | Reached skill level 11 in Axes
 15148 | D:10     | Noticed a two-headed ogre
 15159 | D:10     | Killed a two-headed ogre
 15159 | D:10     | Reached skill level 10 in Invocations
 15165 | D:10     | Killed Josephine the swamp dragon
 15186 | D:10     | Reached ****** piety under Uskayaw
 15426 | D:10     | Noticed a purple ugly thing
 15445 | D:10     | Killed a purple ugly thing
 15445 | D:10     | Reached XP level 12. HP: 67/112 MP: 14/19
 15657 | D:10     | Noticed Joseph
 15667 | D:10     | Killed Joseph
 15839 | D:10     | Noticed Sonja
 15845 | D:10     | Killed Sonja
 15922 | D:10     | Reached skill level 12 in Axes
 16270 | D:10     | Noticed a two-headed ogre
 16270 | D:10     | Noticed a two-headed ogre
 16276 | D:10     | Noticed a two-headed ogre
 16300 | D:10     | Noticed a two-headed ogre
 16300 | D:10     | Killed a two-headed ogre
 16309 | D:10     | Killed a two-headed ogre
 16315 | D:10     | HP: 3/112 [two-headed ogre/giant club (3)]
 16317 | D:10     | Slain by a two-headed ogre

Skill      XL: |  1  2  3  4  5  6  7  8  9 10 11 12 |
---------------+-------------------------------------+-----
Throwing       | 2 |  2.0
Armour         | 1 2 3 4 5 6 7 |  7.0
Axes           | 4 5 6 8 9 10 11 12 | 12.1
Dodging        | 3 |  3.0
Fighting       | 3 4 5 6 7 8 |  8.7
Invocations    | 4 6 8 10 | 10.9

Action                   |  1- 3 |  4- 6 |  7- 9 | 10-12 || total
-------------------------+-------+-------+-------+-------++-------
Melee: War axe           |    95 |   162 |   473 |   585 ||  1315
Throw: Throwing net      |       |     3 |     5 |     1 ||     9
Invok: Stomp             |       |       |     9 |    19 ||    28
       Line Pass         |       |       |     5 |    10 ||    15
       Grand Finale      |       |       |       |     1 ||     1
 Abil: Spit Poison       |       |    14 |    24 |    22 ||    60
Evoke: Wand              |       |     1 |     3 |    26 ||    30
  Use: Potion            |       |     1 |       |     4 ||     5
       Scroll            |       |       |     2 |     1 ||     3
 Stab: Confused          |       |     1 |     1 |     3 ||     5
       Paralysed         |       |       |     6 |    40 ||    46
  Eat: Chunk             |       |     7 |    15 |    21 ||    43
       Ration            |       |       |     1 |     2 ||     3
Armor: Leather armour    |     3 |       |       |       ||     3
       Chain mail        |    59 |   162 |   317 |   343 ||   881
Dodge: Dodged            |    53 |    80 |   154 |   243 ||   530
